 Dungeon Crawl Stone Soup version 0.29.1-4-g47bece8355 (webtiles) character file.

Game seed: 8246604948621664752

37182 DoIIoM the Destroyer (level 13, -7/93 HPs)
             Began as an Octopode Summoner on Dec 2, 2022.
             Was an Elder of Vehumet.
             Mangled by a black mamba (17 damage)
             ... on level 3 of the Lair of Beasts.
             The game lasted 01:25:54 (22809 turns).

DoIIoM the Destroyer (Octopode Summoner)           Turns: 22809, Time: 01:25:55

Health: -7/93      AC:  2    Str:  8    XL:     13   Next: 95%
Magic:  10/27      EV: 12    Int: 21    God:    Vehumet [****..]
Gold:   672        SH:  9    Dex: 10    Spells: 4/32 levels left

rFire   + . .      SeeInvis +   R - +1 morningstar of Duokior {vorpal, rC+ Will++ Dex-3}
rCold   + + .      Faith    .   y - +0 buckler
rNeg    . . .      Spirit   .   l - +1 hat
rPois   +          Reflect  +   t - amulet of reflection
rElec   .          Harm     .   m - ring of poison resistance
rCorr   .          Rampage  .   u - ring of see invisible
Will    ++...                   G - ring of protection from cold
Stlth   +++.......              U - ring of protection from fire
HPRegen 0.25/turn               (no ring)
MPRegen 0.20/turn               (no ring)
                                (no ring)
                                (no ring)

@: hasted, very quick
A: almost no armour, amphibious, 8 rings, camouflage 1, gelatinous body 1,
(nimble swimmer 1), tentacles
a: Renounce Religion


You were on level 3 of the Lair of Beasts.
You worshipped Vehumet.
Vehumet was greatly pleased with you.
You visited 3 branches of the dungeon, and saw 19 of its levels.

You collected 918 gold pieces.
You spent 246 gold pieces at shops.

Inventory:

Hand Weapons
 d - a +0 short sword
 g - a +0 dagger
 A - a +2 spear of flaming
 D - a +1 dagger of protection
 R - the +1 morningstar of Duokior (weapon) {vorpal, rC+ Will++ Dex-3}
   (You found it on level 13 of the Dungeon)

   It inflicts extra damage upon your enemies.
   Dex:       It affects your dexterity (-3).
   rC:        It protects you from cold.
   Will:      It greatly increases your willpower.
Missiles
 C - 2 throwing nets
Armour
 l - a +1 hat (worn)
 y - a +0 buckler (worn)
Magical Staves
 E - a staff of earth
Jewellery
 m - a ring of poison resistance (left tentacle)
 t - an amulet of reflection (around mantle)
 u - a ring of see invisible (right tentacle)
 G - a ring of protection from cold (on tentacle)
 H - an amulet of regeneration
 N - a ring of ice
 U - a ring of protection from fire (on tentacle)
Wands
 f - a wand of digging (5)
 w - a wand of polymorph (18)
 K - a wand of iceblast (4)
 T - a wand of quicksilver (4)
Scrolls
 e - 3 scrolls of blinking
 h - 6 scrolls of immolation
 i - 9 scrolls of teleportation
 n - 5 scrolls of butterflies
 o - a scroll of enchant weapon {unknown}
 r - 2 scrolls of noise
 x - 7 scrolls of amnesia
 I - 2 scrolls of fear
 L - a scroll of vulnerability {unknown}
 Q - a scroll of poison {unknown}
 S - a scroll of identify
Potions
 a - a potion of magic
 b - 4 potions of attraction
 c - 2 potions of resistance
 j - 5 potions of haste
 k - 5 potions of curing
 p - a potion of berserk rage
 q - 6 potions of ambrosia
 s - 3 potions of degeneration
 v - 2 potions of lignification
 z - a potion of cancellation
 B - 2 potions of mutation
 F - 4 potions of flight
 J - 2 potions of brilliance
 O - 2 potions of invisibility
 P - 2 potions of heal wounds
Miscellaneous
 M - a lightning rod (4/4)


   Skills:
 + Level 10.4 Fighting
 - Level 2.0 Dodging
 - Level 3.0 Stealth
 - Level 4.0 Shields
 + Level 10.3 Spellcasting
 * Level 12.3 Conjurations
 + Level 11.7 Summonings
 - Level 7.1 Air Magic


You had 4 spell levels left.
You knew the following spells:

 Your Spells              Type           Power      Damage    Failure   Level
a - Summon Small Mammal   Summ           100%       N/A       1%          1
b - Call Imp              Summ           56%        N/A       1%          2
c - Call Canine Familiar  Summ           56%        N/A       1%          3
d - Summon Lightning Spi  Summ/Air       50%        N/A       1%          4
e - Magic Dart            Conj           100%       1d8       1%          1
f - Summon Guardian Gole  Hex/Summ       35%        N/A       2%          3
g - Orb of Destruction    Conj           29%        9d9       11%         7
h - Spellforged Servitor  Conj/Summ      28%        N/A       13%         7

Your spell library contained the following spells:

 Spells                   Type           Power      Damage    Failure   Level
 Lightning Bolt           Conj/Air       25%        1d41      1%          5
 Static Discharge         Conj/Air       51%        3-10/arc  1%          2
 Conjure Flame            Conj/Fire      36%        6-21      1%          3
 Sticky Flame             Conj/Fire      36%        2d6       1%          4
 Scorch                   Fire           20%        2d6       3%          2
 Apportation              Tloc           20%        N/A       8%          1
 Necrotise                Necr           40%        1d6       8%          1
 Confusing Touch          Hex            10%        N/A       24%         3
 Gell's Gravitas          Tloc           10%        N/A       24%         3
 Ozocubu's Armour         Ice            10%        N/A       24%         3
 Teleport Other           Tloc           10%        N/A       24%         3
 Dispel Undead            Necr           10%        3d9       61%         4
 Yara's Violent Unravell  Hex/Tmut       5%         3d4       45%         5
 Metabolic Englaciation   Hex/Ice        5%         N/A       91%         5
 Dispersal                Tloc           5%         N/A       100%        6
 Simulacrum               Ice/Necr       5%         N/A       100%        6
 Enfeeble                 Hex            5%         N/A       100%        7


Dungeon Overview and Level Annotations

Branches:
Dungeon (14/15)            Temple (0/1) D:7            Lair (4/5) D:11
 Shoals (0/4) Lair:3        Snake (0/4) Lair:3          Orc (1/2) D:11
 Vaults (0/5) D:13
  Slime: Lair:4-5

Altars:
Ashenzari
Cheibriados
Kikubaaqudgha
Makhleb
Sif Muna
Trog
Vehumet
Wu Jian
The Shining One

Shops:
D:1 !   D:5 =

Annotations:
D:5 Grinder


Innate Abilities, Weirdness & Mutations

You cannot wear most types of armour.
You are amphibious.
You can wear up to eight rings at the same time.
Your skin changes colour to match your surroundings (Stealth+).
Your rubbery body absorbs attacks. (AC +1, EV +1)
((You are camouflaged when in or above water. (Stealth+)))
You have tentacles for arms and can constrict up to eight enemies at once.


Message History

The fiery explosion engulfs the death yak!!!
You hear an angry hiss.
Blink to where?
Press: ? - help, Dir - move target
Found a scroll labelled CUINAN XER YPO.
As you read the scroll of blinking, it crumbles to dust.
A nearby fungus withers and dies.
The black mamba bites your warg.
The death yak gores your lightning spire but does no damage.
The death yak is engulfed in blazing flames.
The death yak dies!
Vehumet accepts your kill.
Unknown command.
Unknown command.
Unknown command.
Unknown command.
You feel yourself speed up.
The death yak is engulfed in blazing flames.
The death yak completely misses your lightning spire.
Something gores your lightning spire!!
The death yak is engulfed in blazing flames.
The death yak dies!
Vehumet accepts your kill.
The blink frog croaks.
You hear a loud, deep croak!
There is a stone staircase leading up, spattered with blood here.
Casting: Call Canine Familiar (safe; 1% risk of failure)
Confirm with . or Enter, or press ? or * to list all spells.
An electric hum fills the air.
Unknown command.
The black mamba barely misses you.
You climb upwards.
Your summoned ally is left behind.
There is a stone staircase leading down, spattered with blood here.
Unknown command.
Casting: Summon Lightning Spire (mildly dangerous; 1% risk of failure)
Confirm with . or Enter, or press ? or * to list all spells.
The black mamba bites you!
* * * LOW HITPOINT WARNING * * *
Unknown command.
The black mamba attacks as you move away!
You block the black mamba's attack. The black mamba bites you!
You die...

####.P.P# #.#.................
#....PP.## ##.##.....#####..#...
#.##..P#.###..#...#########.##..
##.#########P.P.#...#
##h###..#.. #....#
##.PP.#...###.##.....#. ##...#
#...P...........#...... ##..#
##...#..####.##.##..##. #..#
#..#...## ####.##..... #P.#
#...h@SP# #.##..... ##.##
#.....>.## ##........ #..#
#........# #..##..... ##.##
##......#######.#....## #...#
#........###.##......## ###.##
##....).........#....## ####...#
#........P#####.....## ......##
###.....####.##....... .####P#
##..................


You could see a black mamba (ally target) and a friendly warg (summoned).

Vanquished Creatures
  A cane toad (Lair:2)
  A komodo dragon (Lair:2)
  A troll (D:11)
  2 blink frogs (D:11)
  6 yaks
  2 vampire mosquitoes (D:13)
  A water moccasin (Lair:1)
  2 ice beasts
  2 centaurs
  3 wolves
  2 bullfrogs
  2 scorpions
  A wight (D:9)
  6 killer bees
  The ghost of Sikaos the Chiller, a weakling HuIE of Sif Muna (D:3)
  A howler monkey (D:5)
  A jelly (D:6)
  A hound (D:4)
  An iguana (D:6)
  A gnoll (Orc:1)
  4 adders
  A howler monkey simulacrum (D:9)
  A white imp (D:7)
  4 worms
  2 dart slugs
  9 orcs
  7 ball pythons
  5 endoplasms
  3 giant cockroaches
  7 goblins
  6 hobgoblins
  4 kobolds
  4 quokkas
  3 bats
  2 frilled lizards
  A rat (D:1)
101 creatures vanquished.

Vanquished Creatures (collateral kills)
  An ironbound preserver (D:13)
  A boulder beetle (D:13)
  A hydra (Lair:2)
  5 two-headed ogres
  Pikel (D:8)
  A wizard (D:14)
  3 ugly things (D:14)
  A deep elf pyromancer (D:12)
  An orc sorcerer (Orc:1)
  A cyclops (D:12)
  A black mamba (Lair:3)
  2 cane toads
  3 kobold demonologists (D:11)
  An unseen horror (D:13)
  4 komodo dragons
  A polar bear (D:9)
  5 trolls
  A slime creature (D:13)
  2 hornets
  A dream sheep (Lair:2)
  3 blink frogs (Lair:1)
  A wraith (D:13)
  36 yaks
  2 vampires (D:12)
  A spriggan (D:10)
  3 wyverns
  An unseen horror simulacrum (D:9)
  2 basilisks
  10 vampire mosquitoes
  A warg (Orc:1)
  2 nagas (Lair:3)
  6 water moccasins
  An ice beast (D:9)
  Duvessa (D:7)
  3 orc warriors
  2 sky beasts
  6 black bears
  11 wolves
  4 centaurs
  2 ogres (D:6)
  4 phantoms
  3 lemures (D:8)
  2 kobold brigands (D:11)
  4 bullfrogs
  2 scorpions
  3 wights (D:9)
  Dowan (D:7)
  17 killer bees
  2 electric eels (D:9)
  5 howler monkeys
  2 hounds
  2 orc priests
  A jelly (D:5)
  Crazy Yiuf (D:7)
  Jessica (D:2)
  An iguana (D:6)
  Ijyb (D:5)
  Terence (D:2)
  7 orc wizards
  Robin (D:3)
  3 gnolls (Orc:1)
  2 adders
  An ufetubus (D:9)
  A worm (D:4)
  A dart slug (D:4)
  11 orcs
  An endoplasm (D:4)
  9 goblins
  2 hobgoblins (D:3)
  5 kobolds
  A rat (D:3)
233 creatures vanquished.

Vanquished Creatures (others)
  A centaur warrior (D:13)
  A two-headed ogre (D:9)
  2 death yaks (Lair:4)
  A slime creature (D:13)
  Sonja (Lair:3)
  A deep elf pyromancer (D:13)
  An ugly thing (D:13)
  A cane toad (Lair:1)
  A torpor snail (Lair:2)
  A dream sheep (Lair:2)
  A wyvern (D:11)
  6 yaks
  A killer bee (D:9)
  An ufetubus (D:9)
  45 fungi
  56 plants
121 creatures vanquished.

Grand Total: 455 creatures vanquished

Notes
Turn   | Place    | Note
-------+----------+-------------------------------------------
     0 | D:1      | DoIIoM the Octopode Summoner began the quest for the Orb.
     0 | D:1      | Reached XP level 1. HP: 11/11 MP: 3/3
   418 | D:1      | Reached XP level 2. HP: 17/17 MP: 5/5
   438 | D:1      | Learned a level 2 spell: Call Imp
   763 | D:1      | Found Kilira's Distillery.
   775 | D:1      | Bought a potion of curing for 36 gold pieces
   792 | D:1      | Found a faded altar of an unknown god.
   961 | D:2      | Noticed Terence
  1370 | D:2      | Reached XP level 3. HP: 14/21 MP: 4/7
  1560 | D:2      | Noticed Jessica
  1594 | D:2      | Killed Jessica
  1595 | D:2      | Reached XP level 4. HP: 23/27 MP: 3/8
  1599 | D:2      | Learned a level 3 spell: Call Canine Familiar
  1765 | D:2      | Killed Terence
  1948 | D:2      | Reached skill level 5 in Summonings
  2342 | D:3      | Found a runed translucent door.
  2342 | D:3      | Noticed Sikaos's ghost (weakling HuIE)
  2710 | D:3      | Noticed Robin
  2711 | D:3      | Identified the +6 ring mail of Onkaihiz {Rampage Regen+
                  | Str+7 Stlth-}
  2721 | D:3      | Reached XP level 5. HP: 30/31 MP: 4/10
  2730 | D:3      | Killed Robin
  3075 | D:3      | Killed Sikaos's ghost
  3219 | D:4      | Reached skill level 1 in Fighting
  3231 | D:4      | Noticed a black bear
  3246 | D:4      | Found a radiant altar of Vehumet.
  3264 | D:4      | Reached XP level 6. HP: 8/38 MP: 3/12
  3529 | D:4      | Became a worshipper of Vehumet
  3918 | D:4      | Killed a black bear
  3919 | D:4      | Reached XP level 7. HP: 45/45 MP: 13/13
  4144 | D:5      | Entered Level 5 of the Dungeon
  4446 | D:5      | Found an ancient bone altar of Kikubaaqudgha.
  4446 | D:5      | Found an ornate altar of the Wu Jian Council.
  4464 | D:4      | Learned a level 4 spell: Summon Lightning Spire
  4475 | D:5      | Noticed Ijyb
  4487 | D:5      | Killed Ijyb
  4717 | D:5      | Reached skill level 5 in Spellcasting
  4717 | D:5      | Reached skill level 1 in Air Magic
  4774 | D:5      | Noticed Grinder
  4847 | D:5      | Reached * piety under Vehumet
  4847 | D:5      | Offered knowledge of Magic Dart by Vehumet.
  4850 | D:5      | Learned a level 1 spell: Magic Dart
  4894 | D:5      | Reached XP level 8. HP: 49/53 MP: 10/15
  4898 | D:5      | Learned a level 3 spell: Summon Guardian Golem
  4930 | D:5      | Found Isozoeh's Jewellery Boutique.
  4944 | D:5      | Bought a ring of see invisible for 210 gold pieces
  5031 | D:5      | Found a glowing golden altar of the Shining One.
  5033 | D:5      | Found a burning altar of Makhleb.
  5142 | D:5      | Found a shimmering blue altar of Sif Muna.
  5994 | D:6      | Reached skill level 1 in Shields
  6219 | D:6      | Reached XP level 9. HP: 42/59 MP: 14/17
  6561 | D:7      | Found a broken altar of Ashenzari.
  6607 | D:7      | Found a staircase to the Ecumenical Temple.
  6636 | D:7      | Reached skill level 5 in Air Magic
  7077 | D:7      | Noticed Dowan
  7095 | D:7      | Killed Dowan
  7114 | D:7      | Noticed Duvessa
  7122 | D:7      | Killed Duvessa
  7123 | D:7      | Reached skill level 5 in Fighting
  7598 | D:7      | Found a runed translucent door.
  7599 | D:7      | Noticed Crazy Yiuf
  7607 | D:7      | Killed Crazy Yiuf
  7973 | D:8      | Offered knowledge of Poisonous Vapours by Vehumet.
  8134 | D:8      | Noticed Pikel
  8152 | D:8      | Killed Pikel
  8152 | D:8      | Reached ** piety under Vehumet
  8289 | D:8      | Reached skill level 1 in Conjurations
  8289 | D:8      | Reached XP level 10. HP: 67/67 MP: 9/19
  8430 | D:8      | Reached skill level 2 in Conjurations
  9051 | D:9      | Reached skill level 3 in Conjurations
  9325 | D:9      | Offered knowledge of Static Discharge by Vehumet.
  9555 | D:9      | Found a bloodstained altar of Trog.
  9580 | D:9      | Reached skill level 4 in Conjurations
  9582 | D:9      | Reached *** piety under Vehumet
  9597 | D:9      | Noticed a two-headed ogre
  9605 | D:9      | Killed a two-headed ogre
  9720 | D:9      | Reached skill level 5 in Conjurations
 10016 | D:9      | Reached XP level 11. HP: 74/74 MP: 10/22
 10235 | D:9      | Got the Vademecum on the Volcanoes
 10421 | D:10     | Entered Level 10 of the Dungeon
 10443 | D:10     | Reached skill level 6 in Conjurations
 10449 | D:10     | Offered knowledge of Ignite Poison by Vehumet.
 11007 | D:10     | Noticed a two-headed ogre
 11014 | D:10     | Killed a two-headed ogre
 11107 | D:10     | Reached skill level 7 in Conjurations
 11500 | D:10     | Reached **** piety under Vehumet
 11711 | D:10     | Found a snail-covered altar of Cheibriados.
 12822 | D:11     | Reached skill level 8 in Conjurations
 12884 | D:11     | Found a staircase to the Lair.
 12945 | D:11     | Offered knowledge of Dazzling Flash by Vehumet.
 12951 | D:11     | Reached XP level 12. HP: 82/82 MP: 17/24
 13422 | D:11     | Reached skill level 10 in Summonings
 13742 | D:11     | Found a staircase to the Orcish Mines.
 13896 | D:11     | Noticed a two-headed ogre
 13915 | D:11     | Killed a two-headed ogre
 14050 | Orc:1    | Entered Level 1 of the Orcish Mines
 14062 | Orc:1    | Reached skill level 9 in Conjurations
 14379 | Lair:1   | Entered Level 1 of the Lair of Beasts
 14404 | D:11     | HP: 2/84 [cane toad (7)]
 15444 | D:13     | Noticed a centaur warrior
 15444 | D:13     | Noticed a two-headed ogre
 15457 | D:13     | Killed a centaur warrior
 15459 | D:13     | Killed a two-headed ogre
 15551 | D:13     | Noticed an ironbound preserver
 15953 | D:13     | Killed an ironbound preserver
 15954 | D:13     | Reached skill level 10 in Conjurations
 16584 | D:13     | Found a gate to the Vaults.
 16737 | D:13     | Noticed a fire dragon
 16777 | D:13     | Noticed a two-headed ogre
 16788 | D:13     | Killed a two-headed ogre
 16789 | D:13     | Reached XP level 13. HP: 90/90 MP: 15/26
 16859 | D:13     | Identified the +1 morningstar of Duokior {vorpal, rC+
                  | Will++ Dex-3}
 17535 | D:14     | Reached skill level 11 in Conjurations
 18456 | D:11     | Learned a level 7 spell: Orb of Destruction
 18464 | D:11     | Learned a level 7 spell: Spellforged Servitor
 18634 | Lair:1   | Reached ***** piety under Vehumet
 18728 | Lair:1   | Offered knowledge of Lightning Bolt by Vehumet.
 18832 | Lair:1   | Found a glowing golden altar of the Shining One.
 19291 | Lair:1   | Reached skill level 10 in Fighting
 19583 | Lair:2   | Reached skill level 10 in Spellcasting
 20521 | Lair:2   | You fall into a shaft and drop 1 floor!
 20622 | Lair:3   | Found a staircase to the Shoals.
 21370 | Lair:3   | Reached skill level 12 in Conjurations
 22031 | Lair:3   | Found a staircase to the Snake Pit.
 22045 | Lair:3   | Noticed Sonja
 22051 | Lair:3   | Killed Sonja
 22809 | Lair:3   | Mangled by a black mamba

Illustrated notes

Levels and vault maps discovered:
D:1:      saegor_arrival_simple_d, layout_basic, serial_shops,
          nicolae_shop_hallway_plus, hellmonk_ecumenical_altar_leap_of_faith,
          hangedman_decor_points, serial_park_tiny_1
D:2:      layout_rooms, uniq_terence, uniq_jessica
D:3:      wander_river, layout_loops_ring, hellmonk_ghost_happy_afterlife,
          uniq_robin
D:4:      layout_rooms, amcnicky_altar_gilded, hangedman_abyss_or_decor_stagger
D:5:      layout_cave_pools, nicolae_overflow_hidden_temple, serial_shops,
          nicolae_shop_hallway_plus, uniq_ijyb, uniq_grinder
D:6:      layout_loops_cross, kennysheep_decorative_pillar
D:7:      layout_layer_cave, mainiacjoe_overflow_boulevard,
          minmay_temple_entry_junction_2, minmay_crystal_room, uniq_duvessa,
          uniq_crazy_yiuf_cottage
D:8:      layout_cave_pods, uniq_pikel
D:9:      layout_cave_pools, mainiacjoe_overflow_surrounded_room,
          enter_bailey_5, serial_ice, serial_ice_e, serial_ice_k, serial_ice_o,
          serial_ice_m
D:10:     layout_loops_ring, slow_altar_2, nicolae_zen_rock_garden,
          lightli_orcish_oven
D:11:     layout_loops_corners, due_lair_maze_entry_diamond, serial_park_tiny_1,
          minmay_diced_spiral
D:12:     layout_small_grid
D:13:     layout_irregular_city, skrybe_vaults_entry_preservation
D:14:     layout_roguey [special_room_orc]
Lair:1:   layout_hall_layers, basic_altar, infiniplex_staircase_pool_2
Lair:2:   layout_regular_city, portal_ice_cave_entry_pillars_2
Lair:3:   layout_loops_ring, shoals_dummy_entry,
          minmay_snake_entry_guardpost_small, uniq_sonja
Lair:4:   dragon1_lemuel, layout_regular_city, minmay_slime_entry_oklob_enclosed
Orc:1:    layout_diamond_mine, serial_shops, nicolae_shop_statue_plus,
          uniq_maurice

Skill      XL: |  1  2  3  4  5  6  7  8  9 10 11 12 13 |
---------------+----------------------------------------+-----
Stealth        | 3 |  3.0
Spellcasting   | 3 4 5 6 7 8 9 10 | 10.3
Summonings     | 5 6 7 8 9 10 11 | 11.7
Fighting       | 1 2 3 4 5 6 8 9 10 | 10.4
Air Magic      | 2 4 6 7 |  7.1
Shields        | 1 4 |  4.0
Conjurations   | 1 5 8 10 12 | 12.3
Dodging        | |  2.0

Action                   |  1- 3 |  4- 6 |  7- 9 | 10-12 | 13-15 || total
-------------------------+-------+-------+-------+-------+-------++-------
Melee: Short sword       |     9 |       |       |       |       ||     9
       Constrict         |     9 |    15 |    18 |    25 |    11 ||    78
       Unarmed           |     3 |       |       |       |       ||     3
       Tentacles         |     6 |    17 |    44 |    48 |    17 ||   132
       Dagger            |    36 |    58 |   130 |   142 |       ||   366
       Punch             |       |       |       |     3 |       ||     3
       Morningstar       |       |       |       |       |    60 ||    60
 Cast: Summon Small Mamm |     6 |     2 |     1 |       |     1 ||    10
       Call Imp          |     8 |    10 |    22 |    56 |    30 ||   126
       Call Canine Famil |       |     7 |    26 |    65 |    40 ||   138
       Magic Dart        |       |       |     6 |    14 |     6 ||    26
       Summon Lightning  |       |       |    13 |    69 |    33 ||   115
       Summon Guardian G |       |       |       |    28 |    25 ||    53
Evoke: Wand              |       |       |       |     4 |       ||     4
  Use: Scroll            |     1 |     3 |     4 |     9 |     8 ||    25
       Potion            |       |       |       |     7 |     1 ||     8
 Stab: Sleeping          |    14 |     7 |     3 |     2 |     1 ||    27
       Distracted        |       |     1 |     2 |     3 |     1 ||     7
Armor: Skin              |     5 |     2 |     2 |    26 |     3 ||    38
Dodge: Dodged            |    20 |    23 |    57 |   114 |    62 ||   276
Block: Other             |       |       |     7 |       |       ||     7
       Buckler           |       |       |    13 |   120 |    67 ||   200
       Reflection        |       |       |     3 |     5 |       ||     8
